 Dungeon Crawl Stone Soup version 0.28.0-53-g5a82cb258f (webtiles) character file.

Game seed: 6528126850210660171

74214 safid the Arsonist (level 15, -4/96 HPs)
             Began as a Gargoyle Earth Elementalist on Aug 26, 2022.
             Was a High Priest of Vehumet.
             Killed by divine providence
             ... invoked by an orc priest
              (12 damage)
             ... on level 2 of the Orcish Mines.
             The game lasted 01:00:32 (20505 turns).

safid the Arsonist (Gargoyle Earth Elementalist)   Turns: 20505, Time: 01:00:32

Health: -4/96      AC: 21    Str: 14    XL:     15   Next: 46%
Magic:  20/31      EV: 12    Int: 18    God:    Vehumet [*****.]
Gold:   916        SH:  0    Dex: 10    Spells: 16/38 levels left

rFire   + + .      SeeInvis .   s - +10 war axe of Dullness {vorpal, rF+ rN+}
rCold   . . .      Faith    .   (no shield)
rNeg    + + .      Spirit   .   K - +2 robe {Archmagi}
rPois   ∞          Reflect  .   w - +0 helmet
rElec   +          Harm     .   H - +0 cloak
rCorr   +          Rampage  .   q - +0 pair of gloves
Will    +....      Archmagi +   J - +2 pair of boots
Stlth   ++........              l - amulet "Gypoevvo" {RegenMP +Inv rF+ Regen+ Int-3}
HPRegen 1.06/turn               r - ring of resist corrosion
MPRegen 0.62/turn               O - ring of wizardry

@: flying
A: sickness immunity, AC +11, big wings, negative energy resistance 1,
electricity resistance, torment resistance 1, petrification resistance
a: Renounce Religion, Evoke Invisibility


You were on level 2 of the Orcish Mines.
You worshipped Vehumet.
Vehumet was extremely pleased with you.
You visited 4 branches of the dungeon, and saw 21 of its levels.

You collected 1948 gold pieces.
You spent 1032 gold pieces at shops.

Inventory:

Hand Weapons
 s - the +10 war axe of Dullness (weapon) {vorpal, rF+ rN+}
   (You found it on level 4 of the Dungeon)

   It inflicts extra damage upon your enemies.
   rF:        It protects you from fire.
   rN:        It protects you from negative energy.
Missiles
 c - 455 stones
 u - 3 javelins
 v - 4 throwing nets
 G - 2 curare-tipped darts
Armour
 q - a +0 pair of gloves (worn)
 w - a +0 helmet (worn)
 H - a +0 cloak (worn)
 J - a +2 pair of boots (worn)
 K - a +2 robe of the Archmagi (worn)
 M - a +2 robe of willpower
Jewellery
 b - a ring of protection from fire
 l - the amulet "Gypoevvo" (around neck) {RegenMP +Inv rF+ Regen+ Int-3}
   (You found it on level 2 of the Dungeon)

   [amulet of magic regeneration]

   It increases your rate of magic regeneration.
   Int:       It affects your intelligence (-3).
   rF:        It protects you from fire.
   +Inv:      It lets you turn invisible.
   Regen:     It increases your rate of health regeneration.
 r - a ring of resist corrosion (left hand)
 y - a ring of see invisible
 O - a ring of wizardry (right hand)
 U - an amulet of reflection
Wands
 E - a wand of digging (2)
 I - a wand of iceblast (11)
 L - a wand of acid (11)
 V - a wand of flame (28)
Scrolls
 d - a scroll of identify
 j - 4 scrolls of amnesia
 k - 3 scrolls of brand weapon
 n - a scroll of noise {unknown}
 x - 9 scrolls of teleportation
 B - 4 scrolls of enchant weapon
 D - 2 scrolls of silence
 F - 2 scrolls of holy word {unknown}
 P - a scroll of fog {unknown}
 Q - a scroll of enchant armour {unknown}
 R - a scroll of fear {unknown}
 S - a scroll of magic mapping {unknown}
Potions
 a - 5 potions of cancellation
 e - 4 potions of curing
 g - 3 potions of mutation
 i - a potion of heal wounds
 m - 4 potions of lignification
 o - a potion of ambrosia
 t - 4 potions of brilliance {unknown}
 N - 3 potions of haste
 T - 2 potions of invisibility {unknown}


   Skills:
 - Level 12.0 Fighting
 - Level 2.0 Dodging
 - Level 2.1 Stealth
 - Level 12.0 Spellcasting
 + Level 11.7 Conjurations
 - Level 1.0 Transmutations
 + Level 14.9 Fire Magic
 - Level 14.0 Earth Magic


You had 16 spell levels left.
You knew the following spells:

 Your Spells              Type           Power      Damage    Failure   Level
a - Iron Shot             Conj/Erth      35%        9d7       1%          6
b - Stone Arrow           Conj/Erth      100%       3d13      1%          3
c - Fireball              Conj/Fire      36%        3d15      1%          5
d - Ignition              Fire           38%        3d11      11%         8

Your spell library contained the following spells:

 Spells                   Type           Power      Damage    Failure   Level
 Lee's Rapid Deconstruct  Erth           37%        3d20*     1%          5
 Sandblast                Erth           100%       2d20      0%          1
 Beastly Appendage        Tmut           42%        N/A       1%          1
 Passwall                 Tmut/Erth      45%        N/A       1%          2
 Poisonous Vapours        Pois/Air       32%        N/A       1%          2
 Static Discharge         Conj/Air       47%        N/A       1%          2
 Conjure Flame            Conj/Fire      73%        6-21      1%          3
 Ignite Poison            Fire/Tmut/Pois 44%        N/A       1%          3
 Petrify                  Tmut/Erth      54%        N/A       1%          4
 Sticky Flame             Conj/Fire      73%        2d9       1%          4
 Iskenderun's Battlesphe  Conj           68%        2d12      1%          5
 Lightning Bolt           Conj/Air       23%        1d39      1%          5
 Starburst                Conj/Fire      36%        6d11      1%          6
 Sting                    Tmut/Pois      72%        1d6       2%          1
 Summon Small Mammal      Summ           64%        N/A       2%          1
 Wereblood                Tmut           21%        N/A       2%          2
 Corpse Rot               Necr/Air       32%        N/A       4%          2
 Spider Form              Tmut/Pois      18%        N/A       6%          3
 Call Canine Familiar     Summ           16%        N/A       8%          3
 Gell's Gravitas          Tloc           16%        N/A       8%          3
 Lesser Beckoning         Tloc           16%        N/A       8%          3
 Summon Guardian Golem    Hex/Summ       16%        N/A       8%          3
 Teleport Other           Tloc           16%        N/A       8%          3
 Olgreb's Toxic Radiance  Pois           16%        N/A       8%          4
 Animate Dead             Necr           8%         N/A       26%         4
 Spellforged Servitor     Conj/Summ      23%        N/A       41%         7
 Death Channel            Necr           8%         N/A       98%         6
 Haunt                    Necr/Summ      8%         N/A       100%        7
 Infestation              Necr           8%         N/A       100%        8
 Maxwell's Capacitive Co  Air            8%         ∞         100%        8


Dungeon Overview and Level Annotations

Branches:
Dungeon (12/15)            Temple (1/1) D:6            Lair (6/6) D:11
  Swamp (0/4) Lair:3        Snake (0/4) Lair:4        Slime (0/5) Lair:6
    Orc (2/2) D:11            Elf (0/3) Orc:2

Altars:
Ashenzari
Cheibriados
Dithmenos
Elyvilon
Fedhas
Gozag
Hepliaklqana
Kikubaaqudgha
Makhleb
Nemelex Xobeh
Okawaru
Qazlal
Ru
Sif Muna
Trog
Uskayaw
Vehumet
Wu Jian
Xom
Yredelemnul
Zin
The Shining One
Beogh
Jiyva

Shops:
D:4 *:   D:11 [

Annotations:
D:9 1 runed translucent door, Deeps's ghost, novice MiFi


Innate Abilities, Weirdness & Mutations

You are immune to sickness and miasma.
Your stone body is resilient. (AC +11)
You are immune to poison.
Your large and strong wings let you fly.
You resist negative energy. (rN+)
You are resistant to electric shocks. (rElec)
You are resistant to unholy torment.
You are immune to petrification.


Message History

You slash the orc warrior!
The orc warrior is heavily wounded.
The orc misses you.
Unknown command.
Things that are here:
a +0 hand axe; a +0 scale mail
There is a stone staircase leading down here.
The orc warrior barely misses you. The orc closely misses you.
You fly downwards.
The orc warrior hits you with a +0 morningstar!
The orc warrior hits you with a +0 morningstar.
There is a stone staircase leading up here.
The orc priest calls down the wrath of Beogh upon you.
Beogh smites you!
The orc warrior hits you with a +0 dire flail!
* * * LOW HITPOINT WARNING * * *
The orc warrior barely misses you.
The orc priest calls upon Beogh to heal the orc warrior.
The orc warrior is healed somewhat.
The orc warrior hits you but does no damage.
The orc warlord roars a battlecry!
The orcs go into a battle-frenzy!
The orc warrior hits you with a +0 morningstar!
* * * LOW HITPOINT WARNING * * *
You feel much better.
The orc warrior hits you with a +0 dire flail!
* * * LOW HITPOINT WARNING * * *
The orc warrior hits you with a +0 morningstar!
* * * LOW HITPOINT WARNING * * *
The orc warlord hits you with a +0 war axe.
* * * LOW HITPOINT WARNING * * *
Blink to where?
Press: ? - help, Dir - move target
As you read the scroll of blinking, it crumbles to dust.
The orc priest calls down the wrath of Beogh upon you.
Beogh smites you!
* * * LOW HITPOINT WARNING * * *
The orc priest calls down the wrath of Beogh upon you.
Beogh smites you!
You die...

o.o................#.........
..o..........##.............
...[.................######
.........o...........'... .#
.........o...........#... ..#
............o........######...#
..#......o..........[.........#
.................[)<[..)......#
.....#####......@)[))..........
....## ##........[.[.........
##.#...[.............
#..........####.....
..#...[......# ...#.
...'..........# ....
..##.#......#.# ....
#.......##..# #......... ..#


You could see an orc warrior (strong), an orc priest (strong) and 2 orcs.

Vanquished Creatures
  Saint Roka (Orc:1)
  2 orc warlords (D:11)
  Nessos (Orc:2)
  An ettin (Orc:1)
  Snorg (Lair:5)
  15 hydras
  Fannar (Lair:1)
  2 catoblepae
  Erica (D:8)
  A merfolk avatar (Lair:6)
  A two-headed ogre (D:9)
  8 death yaks
  Nergalle (D:10)
  5 sea snakes
  4 lindwurms (Lair:5)
  Pikel (D:5)
  An orc knight (D:11)
  A harpy (Lair:6)
  An orc sorcerer (Orc:1)
  3 cyclopes
  6 elephants
  3 manticores (Lair:6)
  2 oklob plants (Lair:3)
  3 torpor snails
  5 black mambas
  Maggie (D:10)
  2 unseen horrors (D:10)
  Psyche (D:10)
  15 cane toads
  8 rime drakes
  10 komodo dragons
  5 trolls
  2 hornets (Lair:6)
  A polar bear (Lair:5)
  5 slime creatures (D:10)
  A tyrant leech (Lair:3)
  26 blink frogs
  5 dream sheep (Lair:5)
  2 shadows
  6 wyverns
  2 wraiths
  56 yaks
  A steam dragon (Lair:5)
  4 basilisks
  Menkaure (D:7)
  8 wargs
  11 water moccasins
  25 orc warriors
  A sky beast (D:6)
  6 ogres
  A hornet zombie (D:8)
  A centaur (D:8)
  A phantom (D:5)
  3 kobold brigands
  2 scorpions
  16 bullfrogs
  A gnoll sergeant (D:8)
  A wyvern zombie (D:8)
  3 centaur zombies
  2 centaur skeletons
  4 hounds
  10 orc priests
  2 gnoll shamans (D:8)
  2 iguanas
  16 orc wizards
  Natasha (twice) (D:2)
  A hound skeleton (D:4)
  20 gnolls
  7 adders
  An adder skeleton (D:4)
  3 worms
  3 dart slugs
  78 orcs
  5 endoplasms
  4 giant cockroaches
  10 goblins
  10 hobgoblins
  4 jackals (D:2)
  3 quokkas
  7 ball pythons
  6 bats
  3 frilled lizards
  19 kobolds
  4 rats
  A bush (Lair:5)
532 creatures vanquished.

Vanquished Creatures (others)
  An orc priest (Orc:2)
  3 orcs (Orc:2)
  42 fungi
  64 plants
  5 toadstools (D:10)
115 creatures vanquished.

Grand Total: 647 creatures vanquished

Notes
Turn   | Place    | Note
-------+----------+-------------------------------------------
     0 | D:1      | safid the Gargoyle Earth Elementalist began the quest for
                  | the Orb.
     0 | D:1      | Reached XP level 1. HP: 10/10 MP: 3/3
   341 | D:1      | Reached skill level 1 in Transmutations
   341 | D:1      | Reached XP level 2. HP: 15/16 MP: 3/5
   821 | D:1      | Reached skill level 1 in Fighting
  1216 | D:2      | Reached XP level 3. HP: 19/20 MP: 6/6
  1360 | D:2      | Found a stormy altar of Qazlal.
  1565 | D:2      | Reached XP level 4. HP: 19/26 MP: 5/7
  1654 | D:2      | You fall into a shaft and drop 2 floors!
  1654 | D:4      | Found Zyuwacuo's Elemental Accessories.
  1832 | D:4      | Reached XP level 5. HP: 17/31 MP: 1/9
  2326 | D:2      | Noticed Natasha
  2348 | D:2      | Killed Natasha
  2352 | D:2      | Reached skill level 5 in Earth Magic
  2586 | D:2      | Identified the amulet "Gypoevvo" {RegenMP +Inv rF+ Regen+
                  | Int-3}
  2649 | D:2      | Noticed Natasha
  2658 | D:2      | Killed Natasha
  2821 | D:3      | Reached XP level 6. HP: 37/37 MP: 11/11
  3601 | D:4      | Found Juvyf's Book Shoppe.
  3622 | D:4      | Learned a level 3 spell: Stone Arrow
  3720 | D:4      | Identified the +10 war axe of Dullness {vorpal, rF+ rN+}
  4087 | D:5      | Entered Level 5 of the Dungeon
  4189 | D:5      | Noticed Pikel
  4206 | D:5      | Killed Pikel
  4207 | D:5      | Reached skill level 5 in Fighting
  4207 | D:5      | Reached XP level 7. HP: 33/44 MP: 6/14
  4207 | D:5      | Reached XP level 8. HP: 37/49 MP: 6/15
  4398 | D:5      | Reached skill level 5 in Spellcasting
  5155 | D:6      | Noticed a shadow
  5161 | D:6      | Killed a shadow
  5426 | D:6      | Found a staircase to the Ecumenical Temple.
  5434 | Temple   | Entered the Ecumenical Temple
  5597 | Temple   | Became a worshipper of Vehumet
  5704 | D:7      | Reached XP level 9. HP: 51/55 MP: 19/19
  5897 | D:7      | Noticed Menkaure
  5902 | D:7      | Killed Menkaure
  6367 | D:8      | Reached skill level 1 in Conjurations
  6530 | D:8      | Reached * piety under Vehumet
  6530 | D:8      | Offered knowledge of Foxfire by Vehumet.
  6932 | D:8      | Noticed Erica
  6941 | D:8      | Killed Erica
  6942 | D:8      | Reached XP level 10. HP: 58/63 MP: 17/22
  6964 | D:8      | Found an ornate altar of the Wu Jian Council.
  6965 | D:8      | Found a sacrificial altar of Ru.
  6966 | D:8      | Found a basalt altar of Yredelemnul.
  6966 | D:8      | Found a glowing silver altar of Zin.
  7459 | D:9      | Reached skill level 5 in Conjurations
  7543 | D:9      | Noticed a two-headed ogre
  7547 | D:9      | Killed a two-headed ogre
  7548 | D:9      | Reached skill level 10 in Earth Magic
  7633 | D:9      | Reached ** piety under Vehumet
  7633 | D:9      | Offered knowledge of Freeze by Vehumet.
  7679 | D:9      | Found a runed translucent door.
  7681 | D:9      | Identified the +4 trident of Vanu {drain, Fly rElec rCorr}
  7683 | D:9      | Noticed Deeps's ghost (novice MiFi)
  7933 | D:10     | Entered Level 10 of the Dungeon
  7946 | D:10     | Noticed Nergalle
  7954 | D:10     | Noticed Maggie
  7955 | D:10     | Reached XP level 11. HP: 48/69 MP: 12/24
  7958 | D:10     | Killed Nergalle
  7964 | D:10     | Killed Maggie
  8023 | D:10     | Noticed Psyche
  8026 | D:10     | Killed Psyche
  8245 | D:10     | Reached skill level 10 in Spellcasting
  8272 | D:10     | Found an opulent altar of Gozag.
  8447 | D:10     | Found an ancient bone altar of Kikubaaqudgha.
  9100 | D:11     | Got Kikubaaqudgha's Disquisition on Dark Rites
  9393 | D:11     | Offered knowledge of Frozen Ramparts by Vehumet.
  9480 | D:11     | Noticed a six-headed hydra
  9483 | D:11     | Killed a six-headed hydra
  9484 | D:11     | Reached skill level 10 in Fighting
  9563 | D:11     | Found Ygud's Armour Shop.
  9563 | D:11     | Found a staircase to the Orcish Mines.
  9891 | D:11     | Found a staircase to the Lair.
 10039 | D:11     | Noticed a cyclops
 10042 | D:11     | Killed a cyclops
 10113 | D:11     | Reached *** piety under Vehumet
 10396 | D:4      | Bought a book of Fire for 528 gold pieces
 10574 | Lair:1   | Entered Level 1 of the Lair of Beasts
 10579 | D:11     | Reached XP level 12. HP: 70/78 MP: 21/26
 10598 | D:11     | Reached skill level 1 in Fire Magic
 10651 | Lair:1   | Noticed Fannar
 10660 | Lair:1   | Killed Fannar
 10745 | Lair:1   | Learned a level 5 spell: Fireball
 10754 | Lair:1   | Learned a level 8 spell: Ignition
 11201 | Lair:1   | Offered knowledge of Flame Wave by Vehumet.
 11711 | Lair:2   | Reached skill level 5 in Fire Magic
 11828 | Lair:2   | Noticed a catoblepas
 11833 | Lair:2   | Killed a catoblepas
 12558 | Lair:2   | Reached **** piety under Vehumet
 12693 | Lair:3   | Reached XP level 13. HP: 80/84 MP: 20/28
 12939 | Lair:3   | Reached skill level 10 in Fire Magic
 13125 | Lair:3   | Found a staircase to the Swamp.
 13133 | Lair:3   | Offered knowledge of Hailstorm by Vehumet.
 13662 | D:4      | Bought a book of Power for 504 gold pieces
 13670 | D:4      | Learned a level 6 spell: Iron Shot
 14176 | Lair:4   | Found a staircase to the Snake Pit.
 15250 | Lair:5   | Noticed Snorg
 15259 | Lair:5   | Killed Snorg
 15603 | Lair:5   | Gained mutation: Your large and strong wings let you fly.
                  | [Gargoyle growth]
 15603 | Lair:5   | Reached XP level 14. HP: 90/90 MP: 3/29
 15710 | Lair:5   | Reached ***** piety under Vehumet
 15713 | Lair:5   | Offered knowledge of Eringya's Noxious Bog by Vehumet.
 16417 | Lair:6   | Entered Level 6 of the Lair of Beasts
 16591 | Lair:6   | Found a viscous altar of Jiyva.
 16594 | Lair:6   | Found a staircase to the Slime Pits.
 17492 | Lair:5   | Reached skill level 10 in Conjurations
 17862 | Lair:6   | Reached XP level 15. HP: 96/96 MP: 12/31
 18401 | Orc:1    | Entered Level 1 of the Orcish Mines
 18403 | Orc:1    | Noticed an orc warlord
 18494 | D:11     | Killed an orc warlord
 18903 | Orc:2    | Entered Level 2 of the Orcish Mines
 18903 | Orc:2    | Noticed Saint Roka
 18903 | Orc:2    | Noticed an orc warlord
 18921 | Orc:2    | Noticed Nessos
 18925 | Orc:1    | Offered knowledge of Fulminant Prism by Vehumet.
 19319 | D:11     | Killed an orc warlord
 19579 | Orc:2    | HP: 2/96 [orc priest/divine providence[an orc knight] (10)]
 20201 | Orc:1    | Killed Saint Roka
 20259 | Orc:2    | Killed Nessos
 20393 | Orc:2    | Found a staircase to the Elven Halls.
 20437 | Orc:2    | Noticed an orc warlord
 20482 | Orc:1    | Offered knowledge of Lee's Rapid Deconstruction by Vehumet.
 20505 | Orc:2    | Killed from afar by an orc priest

Illustrated notes

Levels and vault maps discovered:
D:1:      dpeg_arrival_shelter, layout_basic
D:2:      layout_loops_ring, basic_altar, minmay_misc_feat_nine_boxes,
          amcnicky_mini_pool_small, uniq_natasha
D:3:      layout_loops_corners
D:4:      corexii_shack_village, layout_cave_pools, serial_shops,
          nicolae_shop_statue_plus, nicolae_elemental_shop, supply_closet_lemuel
D:5:      layout_loops_ring, uniq_pikel
D:6:      layout_basic, minmay_temple_entry_enclosed_plants, kennysheep_nub,
          kennysheep_potato
D:7:      layout_loops_ring, uniq_menkaure
D:8:      layout_loops_cross, mainiacjoe_overflow_alcove_3, uniq_erica
D:9:      layout_loops_ring, ebering_ghost_funeral_grove
D:10:     layout_long_grid, mainiacjoe_overflow_catwalk,
          nicolae_overflow_crystal_walls, minmay_gold_behind_fungi, uniq_maggie,
          uniq_psyche, uniq_nergalle
D:11:     layout_grid_maze, grunt_lair_entry_orc_guard_hut, orc_david_3
D:12:     layout_layer_cave, serial_shops, shop, gammafunk_ghost_fury_of_okawaru
Temple:   eino_temple_scatter_basement
Lair:1:   layout_small_grid, uniq_fannar
Lair:2:   layout_regular_city
Lair:3:   dpeg_oklob_shooting_range, layout_chaotic_city,
          minmay_swamp_entry_worms
Lair:4:   layout_regular_city, dummy_snake_entry, chequers_serial_rivers_room_b,
          serial_bayou_lagoon_b, lemuel_fruit_fields, lemuel_fruit_tree
Lair:5:   layout_roguey, minmay_lindwurm_lava, uniq_snorg
Lair:6:   gammafunk_lair_ancient_temple, layout_hall_layers, slime_altar_1,
          infiniplex_staircase_pool_2
Orc:1:    layout_caves, mines2_david
Orc:2:    grunt_orc_community_town_hall, layout_caves,
          grunt_orc_community_big_house_1, grunt_orc_community_big_house_2,
          grunt_orc_community_house_2, grunt_orc_community_house_1,
          grunt_orc_community_house_3, grunt_orc_community_house_1,
          grunt_orc_community_house_3, grunt_orc_community_house_2,
          ebering_ghost_inner_flame, uniq_nessos, uniq_saint_roka

Skill      XL: |  1  2  3  4  5  6  7  8  9 10 11 12 13 14 15 |
---------------+----------------------------------------------+-----
Transmutations | 1 |  1.0
Fighting       | 1 2 3 5 6 7 8 10 11 12 | 12.0
Dodging        | 2 |  2.0
Earth Magic    | 4 5 7 8 9 10 12 13 14 | 14.0
Spellcasting   | 3 4 7 8 9 10 11 12 | 12.0
Conjurations   | 4 6 7 8 10 11 | 11.7
Fire Magic     | 8 12 14 | 14.9
Stealth        | |  2.1

Action                   |  1- 3 |  4- 6 |  7- 9 | 10-12 | 13-15 || total
-------------------------+-------+-------+-------+-------+-------++-------
Melee: Unarmed           |    48 |       |       |       |       ||    48
       Dagger            |    60 |   202 |       |       |       ||   262
       Punch             |       |     2 |       |     3 |     3 ||     8
       War axe           |       |    36 |   107 |   164 |   113 ||   420
 Cast: Sandblast         |    15 |    28 |     1 |       |       ||    44
       Stone Arrow       |       |     1 |    38 |   237 |   103 ||   379
       Iron Shot         |       |       |       |       |   299 ||   299
       Fireball          |       |       |       |       |    27 ||    27
  Use: Scroll            |       |       |       |    15 |     8 ||    23
       Potion            |       |       |       |       |     7 ||     7
 Stab: Sleeping          |     3 |     7 |       |       |       ||    10
Armor: Robe              |    45 |    75 |    58 |   186 |   197 ||   561
Dodge: Dodged            |    84 |   137 |    99 |   158 |   255 ||   733
